 Dungeon Crawl Stone Soup version 0.32-a0-675-gdc239d62e1 (webtiles) character file.

Game seed: 13101382008789124641

113 zenocrate the Digger (level 4, -9/28 HPs)
             Began as an Octopode Earth Elementalist on Mar 12, 2024.
             Mangled by backslashecho's ghost (12 damage)
             ... on level 3 of the Dungeon.
             The game lasted 00:02:30 (3135 turns).

zenocrate the Digger (Octopode Earth Elementalist)  Turns: 3135, Time: 00:02:30

Health: -9/28      AC:  1    Str:  7    XL:     4   Next: 96%
Magic:  5/7        EV: 13    Int: 19    God:
Gold:   198        SH:  0    Dex: 12    Spells: 4/8 levels left

rFire   . . .        a - +0 short sword
rCold   . . .        (no shield)
rNeg    . . .        (helmet restricted)
rPois   .            (no amulet)
rElec   .            f - ring of resist corrosion
rCorr   +            (no ring)
SInv    .            (no ring)
Will    .....        (no ring)
Stlth   +++          (no ring)
HPRegen 0.24/turn    (no ring)
MPRegen 0.10/turn    (no ring)
                     (no ring)

%: no passive effects
@: no status effects
A: almost no armour, amphibious, 8 rings, camouflage 1, gelatinous body 1,
(nimble swimmer 1), tentacles
a: no special abilities


You were on level 3 of the Dungeon.
You visited 1 branch of the dungeon, and saw 3 of its levels.

You collected 198 gold pieces.

Inventory:

Hand Weapons
 a - a +0 short sword (weapon)
Jewellery
 f - a ring of resist corrosion (left tentacle)
 j - a ring of poison resistance
Scrolls
 d - a scroll of immolation {unknown}
Potions
 g - a potion of enlightenment {unknown}
 i - a potion of cancellation {unknown}
 k - a potion of curing {unknown}
 l - a potion of lignification {unknown}
 m - a potion of attraction {unknown}


   Skills:
 + Level 1.5 Fighting
 + Level 2.6 Dodging
 - Level 2.6 Stealth
 + Level 2.5 Spellcasting
 * Level 2.6 Conjurations
 + Level 3.5 Earth Magic


You had 4 spell levels left.
You knew the following spells:

 Your Spells              Type           Power      Damage    Failure   Level
a - Sandblast             Erth           30%        2d9       3%          1
b - Stone Arrow           Conj/Erth      28%        3d8       14%         3

Your spell library contained the following spells:

 Spells                   Type           Power      Damage    Failure   Level
 Passwall                 Erth           15%        N/A       12%         3
 Brom's Barrelling Bould  Conj/Erth      14%        2d4       41%         4
 Petrify                  Alch/Erth      9%         N/A       61%         4
 Haunt                    Necr/Summ      1%         N/A       100%        7
 Borgnjor's Revivificati  Necr           1%         N/A       100%        8
 Death's Door             Necr           1%         N/A       100%        9


Dungeon Overview and Level Annotations

Branches:
Dungeon (3/15)

Altars:
Gozag
Kikubaaqudgha
Vehumet
Xom
Zin

Shops:
D:2 (

Annotations:
D:3 backslashecho's ghost, amateur DrMo


Innate Abilities, Weirdness & Mutations

You cannot wear most types of armour.
You are amphibious.
You can wear up to eight rings at the same time.
Your skin changes colour to match your surroundings (Stealth+).
Your rubbery body absorbs attacks. (AC +1, EV +1)
((You are camouflaged when in or above water. (Stealth+)))
You have tentacles for arms and can constrict up to eight enemies at once.


Message History

Confirm with . or Enter, or press ? or * to list all spells.
Aiming: Sandblast (safe; 3% risk of failure)
Press: ? - help, Shift-Dir - straight line, f/p - backslashecho's ghost
Aim: backslashecho's ghost (heavily damaged, 75% to hit)
The blast of sand hits backslashecho's ghost but does no damage.
Backslashecho's ghost is heavily damaged.
Backslashecho's ghost misses you.
Unknown command.
Casting: Sandblast (safe; 3% risk of failure)
Confirm with . or Enter, or press ? or * to list all spells.
Aiming: Sandblast (safe; 3% risk of failure)
Press: ? - help, Shift-Dir - straight line, f/p - backslashecho's ghost
Aim: backslashecho's ghost (heavily damaged, 75% to hit)
The blast of sand hits backslashecho's ghost.
Backslashecho's ghost is heavily damaged.
Backslashecho's ghost completely misses you.
Backslashecho's ghost closely misses you.
Unknown command.
Magic courses through your body.
Backslashecho's ghost barely misses you.
Unknown command.
Casting: Sandblast (safe; 3% risk of failure)
Confirm with . or Enter, or press ? or * to list all spells.
Aiming: Sandblast (safe; 3% risk of failure)
Press: ? - help, Shift-Dir - straight line, f/p - backslashecho's ghost
Aim: backslashecho's ghost (heavily damaged, 75% to hit)
The blast of sand hits backslashecho's ghost.
Backslashecho's ghost is heavily damaged.
Backslashecho's ghost hits you!
* * * LOW HITPOINT WARNING * * *
Casting: Sandblast (safe; 3% risk of failure)
Confirm with . or Enter, or press ? or * to list all spells.
Aiming: Sandblast (safe; 3% risk of failure)
Press: ? - help, Shift-Dir - straight line, f/p - backslashecho's ghost
Aim: backslashecho's ghost (heavily damaged, 75% to hit)
The blast of sand hits backslashecho's ghost but does no damage.
Backslashecho's ghost is heavily damaged.
Backslashecho's ghost whispers, "It is all a dream - a grotesque and foolish dream."
Backslashecho's ghost hits you!
You die...

#.#.....#.##########.......##.ß∩ß
#.#.#.#....................#....$
#.#.#.#.#.##########...#####ß$.ß.
###.#####.# #..........#..$_$
###.#####.# #.###########$$$.
###.#####.# #.#...§§§Wg§##'''
###.#####.# #.#.#######§Bg...
..........# ###.#.#.....#......
###.###########W@...#.###.#..##.#
###.####..........†.#.#.#.#.....#
###.##########......#.#...#..####
###.####....##......#.)..÷#..####
.....##.............#.....#......
.....##.<...........#...#.#.#####
.....##.............##....#.#
...####........##.#.......#.#
...########.##.##.####...##.#


You could see backslashecho's ghost.

Vanquished Creatures
  4 adders
  An ufetubus (D:3)
  2 dart slugs
  A ribbon worm (D:2)
  4 orcs (D:3)
  3 ball pythons
  7 bats
  6 endoplasms
  A giant cockroach (D:3)
  5 goblins
  6 hobgoblins
  4 jackals (D:1)
  4 kobolds
  2 quokkas (D:1)
  6 rats
56 creatures vanquished.

Notes
Turn   | Place    | Note
-------+----------+-------------------------------------------
     0 | D:1      | zenocrate the Octopode Earth Elementalist began the quest
                  | for the Orb.
     0 | D:1      | Reached XP level 1. HP: 11/11 MP: 3/3
   279 | D:1      | Reached XP level 2. HP: 17/18 MP: 1/5
  1085 | D:2      | Reached XP level 3. HP: 15/22 MP: 6/6
  1259 | D:2      | Reached skill level 1 in Fighting
  1328 | D:2      | Found a faded altar of an unknown god.
  1417 | D:2      | Found Vischiwu's Antique Weapon Emporium.
  1531 | D:2      | Reached XP level 4. HP: 23/28 MP: 7/7
  1535 | D:2      | Learned a level 3 spell: Stone Arrow
  2420 | D:3      | Found a runed translucent gate.
  2422 | D:3      | Found an opulent altar of Gozag.
  2423 | D:3      | Found a runed translucent gate.
  2424 | D:3      | Found a runed translucent gate.
  2425 | D:3      | Noticed backslashecho's ghost (amateur DrMo)
  2811 | D:3      | Found a radiant altar of Vehumet.
  2812 | D:3      | Found a glowing silver altar of Zin.
  2812 | D:3      | Found an ancient bone altar of Kikubaaqudgha.
  2829 | D:3      | Found a shimmering altar of Xom.
  3135 | D:3      | Mangled by backslashecho's ghost

Illustrated notes

Levels and vault maps discovered:
D:1:      kennysheep_arrival_forest, layout_basic
D:2:      layout_basic, serial_shops, shop, shapermc_ecumenical_altar_acropolis
D:3:      layout_basic, nicolae_overflow_quartered_altars, ebering_ghost_gozag,
          reono_crystal_passage

Skill      XL: |  1  2  3 |
---------------+----------+-----
Fighting       | 1 |  1.5
Conjurations   | 2 |  2.6
Dodging        | |  2.6
Stealth        | |  2.6
Spellcasting   | |  2.5
Earth Magic    | |  3.5

Action                     |  1- 3 |  4- 6 || total
---------------------------+-------+-------++-------
  Melee: Dagger            |    37 |     9 ||    46
         Constrict         |    13 |     8 ||    21
         Tentacles         |    11 |    12 ||    23
         Short sword       |       |    23 ||    23
   Cast: Sandblast         |    13 |    17 ||    30
    Use: Scroll            |       |     2 ||     2
         Potion            |       |     2 ||     2
   Stab: Sleeping          |     5 |     6 ||    11
 Armour: Skin              |    14 |    30 ||    44
  Dodge: Dodged            |    23 |    33 ||    56

Table legend: (Time is in decaauts)
 A = Elapsed time spent in this place.
 B = Non-inter-level travel time spent in this place.
 C = Inter-level travel time spent in this place.
 D = Time resting spent in this place.
 E = Time spent auto-exploring this place.
 F = Levels seen in this place.
 G = Mean time per level.
                   A        B        C        D        E       F      G
               +--------+--------+--------+--------+--------+-----+--------+
         Total |   3147 |   3074 |     73 |      0 |   2699 |   3 | 1049.0 |
       Dungeon |   3147 |   3074 |     73 |      0 |   2699 |   3 | 1049.0 |
               +--------+--------+--------+--------+--------+-----+--------+

Top non-repeatable levels by time:
     D:3: 1119 daAuts
     D:1: 1080 daAuts
     D:2: 947 daAuts
